 Dungeon Crawl Stone Soup version 0.20.1-1-g8b1a95d (webtiles) character file.

149 vishdafish the Skirmisher (level 5, -10/41 HPs)
             Began as a Demonspawn Fighter on July 3, 2017.
             Killed from afar by Ijyb (20 damage)
             ... with a wand of lightning (?/15)
             ... on level 3 of the Dungeon.
             The game lasted 00:04:48 (1957 turns).

vishdafish the Skirmisher (Demonspawn Fighter)      Turns: 1957, Time: 00:04:49

Health: -10/41     AC:  7    Str: 22    XL:     5   Next: 9%
Magic:  5/5        EV:  8    Int:  9    God:
Gold:   196        SH:  9    Dex: 13    Spells: 4/4 levels left

rFire    + . .     SeeInvis .   a - +0 war axe
rCold    . . .     Gourm    .   c - +0 shield
rNeg     . . .     Faith    .   v - +1 ring mail {rF+}
rPois    .         Spirit   .   (no helmet)
rElec    .         Reflect  .   (no cloak)
rCorr    .         Harm     .   (no gloves)
MR       .....                  t - +0 pair of boots
Stlth    +.........             (no amulet)
Regen    0.2/turn               (no ring)
MPRegen  0.1/turn               (no ring)

@: mighty, drained
A: demonic guardian 1, powered by death 1
a: no special abilities


You were on level 3 of the Dungeon.
You were not hungry.

You visited 1 branch of the dungeon, and saw 3 of its levels.

You collected 196 gold pieces.

Inventory:

Hand Weapons
 a - a +0 war axe (weapon)
Armour
 b - a +0 scale mail
 c - a +0 shield (worn)
 t - a +0 pair of boots (worn)
 v - a +1 ring mail of fire resistance (worn)
Scrolls
 h - 3 scrolls of identify {unknown}
 j - 2 scrolls of remove curse {unknown}
 l - a scroll of fear {unknown}
 o - a scroll of recharging {unknown}
 q - 2 scrolls of teleportation {unknown}
 r - a scroll of magic mapping {unknown}
 s - 3 scrolls of enchant weapon {unknown}
 u - a scroll of amnesia {unknown}
Potions
 e - a potion of berserk rage {unknown}
 i - a potion of ambrosia {unknown}
 k - a potion of heal wounds {unknown}
 m - 2 potions of agility {unknown}
 n - a potion of degeneration {unknown}
 w - a potion of haste {unknown}
Comestibles
 f - 2 bread rations
 g - a meat ration
 p - a royal jelly


   Skills:
 + Level 3.6(2.7) Fighting
 + Level 3.2(2.3) Axes
 + Level 3.3(2.4) Armour
 + Level 0.8(0.0) Dodging
 + Level 3.3(2.4) Shields


You had 4 spell levels left.
You didn't know any spells.

Dungeon Overview and Level Annotations

Branches:
Dungeon (3/15)

Altars:
Hepliaklqana
Yredelemnul

Annotations:
D:3 Ijyb


Innate Abilities, Weirdness & Mutations

A weak demonic guardian rushes to your aid.
You regenerate a little health from kills.


Message History

You see here a scroll labeled BIKHAD WEF EBO.
h - 3 scrolls labeled BIKHAD WEF EBO (gained 1) Ijyb screams, "Me kill you!"
There is an open door here.
You block Ijyb's attack.
You barely miss Ijyb.
Ijyb zaps a wand.
The bolt of lightning hits you!
Ouch! That really hurt!
* * * LOW HITPOINT WARNING * * *
It is a wand of lightning (?/15).
You block Ijyb's attack.
There is an open door here.
Okay, then.
Ijyb hits your iron imp with a dagger.
Okay, then.
You feel very mighty all of a sudden.
Your iron imp closely misses Ijyb.
Ijyb hits your iron imp with a dagger.
Your iron imp hits Ijyb.
Ijyb zaps a wand.
The bolt of lightning hits your iron imp.
Your iron imp resists.
The bolt of lightning hits you!
You die...

.... .....# .....
####...#
.....##.....#
...#..)..####
#...........
#..####l.# ##
#.##..##g# .#
#.#....5.###.##
.##.#..)@#......#
.....##.)#####...#
......##)###.##..#
....#####('...#..#
...##...†###.##..#
...#)(...#.#'#..##
.<.#....?#.....##
#..#[.(..#)#####
#..##...##.#


You could see Ijyb, a frilled lizard and a friendly iron imp.

Vanquished Creatures
  Jessica (D:2)
  6 adders
  A worm (D:2)
  2 leopard geckos
  3 orcs (D:3)
  2 ball pythons
  4 giant cockroaches
  7 goblins
  7 hobgoblins
  8 jackals
  A quokka (D:1)
  4 bats
  3 frilled lizards
  4 kobolds
  5 rats
58 creatures vanquished.

Notes
Turn   | Place    | Note
-------+----------+-------------------------------------------
     0 | D:1      | vishdafish the Demonspawn Fighter began the quest for the Orb.
     0 | D:1      | Reached XP level 1. HP: 18/18 MP: 1/1
   162 | D:1      | Gained mutation: You regenerate a little health from kills. [demonic ancestry]
   162 | D:1      | Reached XP level 2. HP: 22/24 MP: 2/2
   490 | D:1      | Reached XP level 3. HP: 20/29 MP: 3/3
   748 | D:2      | Noticed Jessica
  1153 | D:2      | Killed Jessica
  1153 | D:2      | Reached XP level 4. HP: 34/35 MP: 4/4
  1665 | D:3      | Found a basalt altar of Yredelemnul.
  1666 | D:3      | Found a hazy altar of Hepliaklqana.
  1825 | D:3      | Gained mutation: A weak demonic guardian rushes to your aid. [demonic ancestry]
  1825 | D:3      | Reached XP level 5. HP: 25/41 MP: 5/5
  1942 | D:3      | Noticed Ijyb
  1957 | D:3      | Killed from afar by Ijyb

Skill      XL: |  1  2  3  4 |
---------------+-------------+-----
Armour         | 3 |  3.3
Axes           | 2 3 |  3.2
Shields        | 3 |  3.3
Fighting       | |  3.6
Dodging        | |  0.8

Action                   |  1- 3 |  4- 6 || total
-------------------------+-------+-------++-------
Melee: War axe           |   109 |   105 ||   214
  Use: Potion            |     1 |     1 ||     2
  Eat: Meat ration       |     1 |       ||     1
Armor: Scale mail        |    61 |    27 ||    88
       Ring mail         |       |    26 ||    26
Dodge: Dodged            |    47 |    32 ||    79
Block: Shield            |    45 |    69 ||   114
